 Dungeon Crawl Stone Soup version 0.23-a0-190-gdcd3064 (webtiles) character file.

35762 b5mith the Fencer (level 13, -3/136 HPs)
             Began as a Minotaur Berserker on Sept 23, 2018.
             Was the Champion of Trog.
             Slain by an unseen horror (4 damage)
             ... on level 15 of the Dungeon.
             The game lasted 00:38:07 (13812 turns).

b5mith the Fencer (Minotaur Berserker)             Turns: 13812, Time: 00:38:08

Health: -3/136     AC:  7    Str: 31    XL:     13   Next: 49%
Magic:  12/12      EV: 12    Int:  4    God:    Trog [******]
Gold:   853        SH:  0    Dex: 11    Spells: 12/12 levels left

rFire    + . .     SeeInvis .   X - +12 long sword of Vanity {speed, rF+}
rCold    . . .     Gourm    .   (no shield)
rNeg     . . .     Faith    .   x - +2 leather armour of Subjectivity {Regen+ rCorr}
rPois    .         Spirit   .   Z - +0 hat
rElec    .         Reflect  .   (no cloak)
rCorr    +         Harm     .   s - +1 pair of gloves
MR       .....                  (no boots)
Stlth    +.........             (no amulet)
HPRegen  0.72/turn              (no ring)
MPRegen  0.13/turn              (no ring)

@: mighty
A: retaliatory headbutt, horns 2
a: Berserk, Trog's Hand, Brothers in Arms, Renounce Religion


You were on level 15 of the Dungeon.
You worshipped Trog.
Trog was exalted by your worship.
You were not hungry.

You visited 1 branch of the dungeon, and saw 15 of its levels.
You visited the Abyss 1 time.

You collected 1150 gold pieces.
You spent 297 gold pieces at shops.

Inventory:

Hand Weapons
 i - a +0 great sword of flaming
   (You took it off a fire giant on level 15 of the Dungeon)
 G - the +8 scimitar of Zuefiohi {slice, +Blink}
   (You bought it in a shop on level 8 of the Dungeon)

   It inflicts extra damage upon your enemies.
   It lets you blink.
 L - a +0 long sword of draining
   (You took it off an orc warrior on level 9 of the Dungeon)
 X - the +12 long sword of Vanity (weapon) {speed, rF+}
   (Trog gifted it to you on level 14 of the Dungeon)

   Attacks with this weapon are significantly faster.
   It protects you from fire.
Missiles
 m - 27 tomahawks (quivered)
 D - 4 javelins of returning
Armour
 b - a +0 animal skin
 g - a +0 ring mail
   (You found it on level 1 of the Dungeon)
 s - a +1 pair of gloves (worn)
   (You found it on level 4 of the Dungeon)
 u - a +1 ring mail of fire resistance
   (You took it off an orc on level 4 of the Dungeon)
 x - the +2 leather armour of Subjectivity (worn) {Regen+ rCorr}
   (You found it on level 5 of the Dungeon)

   It increases your rate of regeneration.
   It provides partial protection from all sources of acid and corrosion.
 y - a +0 troll leather armour
   (You found it on level 6 of the Dungeon)
 U - a +0 pair of gloves
   (You found it on level 13 of the Dungeon)
 V - a cursed +0 ring mail
   (You found it on level 13 of the Dungeon)
 W - +0 fire dragon scales
   (You found it on level 13 of the Dungeon)
 Z - a +0 hat (worn)
   (You found it on level 14 of the Dungeon)
Jewellery
 f - an uncursed amulet of magic regeneration {unknown}
   (You found it on level 14 of the Dungeon)
 C - a cursed -3 ring of intelligence {unknown}
   (You found it on level 7 of the Dungeon)
 P - an uncursed ring of wizardry {unknown}
   (You found it on level 11 of the Dungeon)
 Q - an uncursed amulet of guardian spirit {unknown}
   (You found it on level 11 of the Dungeon)
Wands
 a - a wand of enslavement (15)
   (You found it on level 14 of the Dungeon)
 h - a wand of iceblast (12)
   (You found it on level 15 of the Dungeon)
 k - a wand of flame (82)
   (You found it on level 6 of the Dungeon)
 A - a wand of acid (10)
   (You found it on level 9 of the Dungeon)
 H - a wand of polymorph (34)
   (You found it on level 8 of the Dungeon)
 I - a wand of scattershot (7)
   (You found it on level 8 of the Dungeon)
 T - a wand of digging (13)
   (You found it on level 13 of the Dungeon)
Scrolls
 d - 4 scrolls of fog
 l - 8 scrolls of remove curse {@r2}
 o - 5 scrolls of enchant armour {unknown}
 p - 6 scrolls of blinking
 q - 12 scrolls of identify {@r1}
 t - 6 scrolls of teleportation
 M - 4 scrolls of magic mapping {unknown}
 N - 2 scrolls of immolation {unknown}
 S - a scroll of random uselessness {unknown}
Potions
 e - 5 potions of curing {@q1}
 n - 3 potions of agility {unknown}
 r - 2 potions of cancellation {unknown}
 v - a potion of invisibility {unknown}
 w - 6 potions of heal wounds {unknown}
 z - a potion of mutation {unknown}
 E - a potion of magic {unknown}
 Y - a potion of lignification {unknown}
Comestibles
 c - 29 rations


   Skills:
 + Level 18.5 Fighting
 + Level 18.5 Long Blades
 - Level 2.4 Armour
 - Level 2.1 Dodging


You had 12 spell levels left.
You didn't know any spells.
Your spell library was empty.

Dungeon Overview and Level Annotations

Branches:
Dungeon (15/15)            Temple (0/1) D:6            Lair (0/6) D:8
    Orc (0/2) D:10         Vaults (0/5) D:13         Depths (0/5) D:15

Altars:
Ashenzari
Cheibriados
Dithmenos
Elyvilon
Fedhas
Gozag
Hepliaklqana
Kikubaaqudgha
Makhleb
Nemelex Xobeh
Yredelemnul

Shops:
D:8 (   D:9 =


Innate Abilities, Weirdness & Mutations

You reflexively headbutt those who attack you in melee.
You have a pair of horns on your head.


Message History

Something hits you! Something completely misses you. Something hits you!
Something hits you. Something completely misses you.
Something hits you but does no damage. Something hits you!
Something barely misses you. Something barely misses you.
Something hits you but does no damage. Something hits you. Something hits you.
You hit something. Something hits you!
You miss something. Something hits you but does no damage. Something hits you!
Something hits you!
* * * LOW HITPOINT WARNING * * *
You miss something. Something hits you.
* * * LOW HITPOINT WARNING * * *
Something hits you!
* * * LOW HITPOINT WARNING * * *
Something hits you.
* * * LOW HITPOINT WARNING * * *
Something hits you!
* * * LOW HITPOINT WARNING * * *
Something hits you.
* * * LOW HITPOINT WARNING * * *
Something hits you.
* * * LOW HITPOINT WARNING * * *
Something hits you but does no damage. Something hits you.
* * * LOW HITPOINT WARNING * * *
Something hits you but does no damage. Something hits you!
* * * LOW HITPOINT WARNING * * *
Something hits you.
* * * LOW HITPOINT WARNING * * *
Something hits you but does no damage. Something hits you.
* * * LOW HITPOINT WARNING * * *
Something hits you!
* * * LOW HITPOINT WARNING * * *
Something barely misses you.
You feel better. Something hits you!
* * * LOW HITPOINT WARNING * * *
You feel very mighty all of a sudden. Something hits you.
* * * LOW HITPOINT WARNING * * *
Something hits you.
* * * LOW HITPOINT WARNING * * *
Something hits you!
* * * LOW HITPOINT WARNING * * *
Something hits you.
You die...

#### #####################
..... ..................<.
..... #..##....# #......
......##..##....# #....##
..........##....# #......
..#......##....#####......
......)..@................
####....#########......###
#....#.......#.####.#
#.#..#.......#......#
#....###+###'#......#
###'#............####
#...#............#
#...#..###.......#
#...#............#


There were no monsters in sight!

Vanquished Creatures
  Roxanne (D:15)
  A fire giant (D:15)
  Josephine (D:14)
  Snorg (D:10)
  A fire dragon (D:13)
  A hydra (D:13)
  A centaur warrior (D:14)
  Erica (D:8)
  2 two-headed ogres
  A tengu warrior (D:10)
  2 unseen horrors
  2 wizards
  An orc knight (D:11)
  12 ugly things
  5 cyclopes
  A centaur zombie (D:14)
  A gargoyle (D:12)
  3 kobold demonologists
  2 komodo dragons
  A komodo dragon (shapeshifter) (D:13)
  5 trolls
  A jumping spider (shapeshifter) (D:13)
  Prince Ribbit (D:8)
  2 hippogriffs
  A meliai zombie (D:12)
  A shadow (D:12)
  6 wraiths
  A vampire (D:15)
  2 wyverns
  A basilisk (D:9)
  14 yaks
  3 hungry ghosts
  A human (D:10)
  A steam dragon (D:13)
  2 vampire mosquitoes (D:14)
  A small abomination (Abyss:2)
  2 soldier ants
  A water moccasin (D:14)
  4 ice beasts
  5 porcupines (D:8)
  A black bear (D:10)
  6 orc warriors
  A phantom (D:7)
  A hornet zombie (D:12)
  2 necrophages
  3 sky beasts
  5 ogres
  7 centaurs
  3 crocodiles (D:8)
  4 big kobolds
  8 bullfrogs
  A wyvern zombie (D:9)
  A water moccasin skeleton (D:13)
  2 wyvern skeletons
  6 scorpions
  11 killer bees
  An electric eel (D:12)
  2 bullfrog zombies
  11 crimson imps
  2 lava snakes
  A quasit (D:10)
  A gnoll shaman (D:7)
  8 jellies
  11 orc priests
  8 centaur skeletons
  10 hounds
  9 orc wizards
  An iguana (D:8)
  12 worker ants
  A killer bee zombie (D:6)
  2 hound skeletons (D:6)
  Robin (D:4)
  A howler monkey zombie (D:2)
  A worker ant zombie (D:7)
  10 adders
  5 gnolls (D:7)
  3 shadow imps
  An adder skeleton (D:7)
  4 worms
  2 dart slugs
  4 leopard geckos
  51 orcs
  A ball python (D:3)
  8 giant cockroaches
  12 goblins
  9 hobgoblins
  6 jackals
  28 kobolds
  5 quokkas
  8 bats
  5 frilled lizards
  11 rats
414 creatures vanquished.

Vanquished Creatures (others)
  An orc wizard (D:3)
  A quokka (D:3)
  2 fungi (D:8)
  4 plants (D:8)
8 creatures vanquished.

Grand Total: 422 creatures vanquished

Notes
Turn   | Place    | Note
-------+----------+-------------------------------------------
     0 | D:1      | b5mith the Minotaur Berserker began the quest for the Orb.
     0 | D:1      | Reached XP level 1. HP: 19/19 MP: 0/0
   195 | D:1      | Reached XP level 2. HP: 27/27 MP: 1/1
   902 | D:1      | Reached ** piety under Trog
   902 | D:1      | Reached XP level 3. HP: 30/34 MP: 2/2
   937 | D:2      | Found a shadowy altar of Dithmenos.
  1020 | D:2      | Reached skill level 5 in Fighting
  1020 | D:2      | Reached skill level 5 in Long Blades
  1020 | D:2      | Reached XP level 4. HP: 30/42 MP: 3/3
  1458 | D:2      | Found a blossoming altar of Fedhas.
  1529 | D:3      | Found a white marble altar of Elyvilon.
  1958 | D:3      | Reached XP level 5. HP: 32/49 MP: 4/4
  2441 | D:4      | Reached *** piety under Trog
  2683 | D:4      | Reached XP level 6. HP: 50/57 MP: 5/5
  3165 | D:4      | Noticed Robin
  3172 | D:4      | Killed Robin
  3443 | D:5      | Entered Level 5 of the Dungeon
  3609 | D:5      | Found a shattered altar of Ashenzari.
  3616 | D:5      | Found a hazy altar of Hepliaklqana.
  3616 | D:5      | Found a basalt altar of Yredelemnul.
  3672 | D:5      | Reached XP level 7. HP: 58/66 MP: 6/6
  4019 | D:5      | Got a blackened leather armour
  4020 | D:5      | Identified the +2 leather armour of Subjectivity {Regen+
                  | rCorr} (You found it on level 5 of the Dungeon)
  4498 | D:6      | Found a staircase to the Ecumenical Temple.
  4580 | D:6      | Noticed a troll
  4585 | D:6      | Killed a troll
  4585 | D:6      | Reached XP level 8. HP: 78/78 MP: 7/7
  4595 | D:6      | Reached **** piety under Trog
  4649 | D:6      | Found a burning altar of Makhleb.
  4779 | D:6      | Found a blossoming altar of Fedhas.
  4861 | D:6      | Found an ancient bone altar of Kikubaaqudgha.
  4862 | D:6      | Found an opulent altar of Gozag.
  4862 | D:6      | Found a sparkling altar of Nemelex Xobeh.
  4862 | D:6      | Found a snail-covered altar of Cheibriados.
  5596 | D:7      | Reached skill level 10 in Fighting
  5596 | D:7      | Reached skill level 10 in Long Blades
  5873 | D:7      | Reached XP level 9. HP: 83/86 MP: 8/8
  6319 | D:8      | Received a gift from Trog
  6670 | D:8      | Found Lusiunla's Antique Weapon Boutique.
  6671 | D:8      | Noticed Erica
  6692 | D:8      | Killed Erica
  6692 | D:8      | Reached XP level 10. HP: 93/100 MP: 9/9
  6735 | D:8      | Bought a brightly glowing scimitar for 297 gold pieces
  6735 | D:8      | Identified the +8 scimitar of Zuefiohi {slice, +Blink} (You
                  | bought it in a shop on level 8 of the Dungeon)
  6784 | D:8      | Found a staircase to the Lair.
  6786 | D:8      | Noticed Prince Ribbit
  6797 | D:8      | Killed Prince Ribbit
  7054 | D:8      | Reached ***** piety under Trog
  7482 | D:9      | Noticed a cyclops
  7489 | D:9      | Found Kofihin's Jewellery Shoppe.
  7507 | D:9      | Killed a cyclops
  8149 | D:10     | Entered Level 10 of the Dungeon
  8161 | D:10     | Noticed Snorg
  8172 | D:10     | Killed Snorg
  8338 | D:10     | Reached XP level 11. HP: 110/110 MP: 10/10
  8360 | D:10     | Received a gift from Trog
  8376 | D:10     | Found a staircase to the Orcish Mines.
  8575 | D:10     | Noticed a tengu warrior
  8585 | D:10     | Killed a tengu warrior
  9161 | D:11     | Noticed an orc knight
  9170 | D:11     | Killed an orc knight
  9170 | D:11     | Reached skill level 15 in Fighting
  9170 | D:11     | Reached skill level 15 in Long Blades
  9469 | D:11     | Found a labyrinth entrance.
  9599 | D:11     | Killed an unseen horror
 10090 | D:12     | Noticed a two-headed ogre
 10096 | D:12     | Killed a two-headed ogre
 10113 | D:12     | Reached XP level 12. HP: 110/122 MP: 11/11
 10647 | D:13     | Noticed a four-headed hydra
 10653 | D:13     | Killed a six-headed hydra
 10998 | D:13     | Paralysed by a wizard for 6 turns
 11101 | D:13     | Found a gate to the Vaults.
 11347 | D:13     | Noticed a fire dragon
 11363 | D:13     | HP: 5/187 [fire dragon/blast of flame (35)]
 11364 | D:13     | Killed a fire dragon
 11690 | D:14     | Noticed Josephine
 11701 | D:14     | Killed Josephine
 11703 | D:14     | Reached ****** piety under Trog
 11703 | D:14     | Received a gift from Trog
 11707 | D:14     | Got an iridescent long sword {god gift}
 11711 | D:14     | Identified the +12 long sword of Vanity {speed, rF+} (Trog
                  | gifted it to you on level 14 of the Dungeon)
 11917 | D:14     | HP: 8/187 [acid (4)]
 11922 | D:14     | HP: 7/189 [poisoned by a green ugly thing]
 11927 | D:14     | HP: 4/126 [poisoned by a green ugly thing]
 11932 | D:14     | HP: 4/126 [poisoned by a green ugly thing]
 12122 | D:14     | Noticed a two-headed ogre
 12126 | D:14     | Killed a two-headed ogre
 12126 | D:14     | Reached XP level 13. HP: 134/134 MP: 12/12
 12152 | D:14     | HP: 1/134 [white ugly thing (24)]
 13159 | D:15     | Entered Level 15 of the Dungeon
 13223 | D:15     | Found a staircase to the Depths.
 13223 | D:15     | Noticed a fire giant
 13460 | D:15     | Killed a fire giant
 13566 | D:15     | Cast into level 2 of the Abyss (a wizard)
 13594 | D:15     | Escaped the Abyss
 13670 | D:15     | Noticed Roxanne
 13704 | D:15     | Killed Roxanne
 13811 | D:15     | HP: 1/136 [something (7)]
 13812 | D:15     | Slain by an unseen horror

Vault maps used:
D:1:      eino_arrival_tree_alley
D:2:      overflow_temple_1_default, fedhas_altar_fruit_tree
D:3:      elyvilon_altar_4, first_ration
D:4:      sigmund_army, uniq_robin
D:5:      grunt_temple_overflow_open
D:6:      lemuel_round_altar, minitemple, overflow_temple_1_default,
          minmay_temple_entry_glassed_door
D:8:      minmay_lair_entry_grove, serial_shops, shop, uniq_erica,
          uniq_prince_ribbit1
D:9:      serial_shops, nicolae_shop_behind_doors
D:10:     erik_orc_4, grunt_tengu_nest, kennysheep_generic_room_14, uniq_snorg
D:11:     lab_entry_generic
D:12:     evilmike_butchery
D:13:     dragon1_lemuel, david_vaults_4
D:14:     nicolae_two_hexagons, kennysheep_generic_room_2, uniq_josephine
D:15:     grunt_enter_depths_giant_problem, nicolae_lava_and_water, uniq_roxanne

Skill      XL: |  1  2  3  4  5  6  7  8  9 10 11 12 13 |
---------------+----------------------------------------+-----
Fighting       | 4 5 6 7 9 10 12 14 15 17 18 | 18.5
Long Blades    | 4 5 6 7 9 10 12 14 15 17 18 | 18.5
Armour         | |  2.4
Dodging        | |  2.1

Action                   |  1- 3 |  4- 6 |  7- 9 | 10-12 | 13-15 || total
-------------------------+-------+-------+-------+-------+-------++-------
Melee: Falchion          |    10 |       |       |       |       ||    10
       Headbutt          |    12 |    38 |    49 |    94 |    46 ||   239
       Dagger            |    43 |    23 |       |       |       ||    66
       Whip              |    10 |    68 |       |       |       ||    78
       Rapier            |       |   118 |   261 |       |       ||   379
       Scimitar          |       |       |       |   389 |       ||   389
       Long sword        |       |       |       |    38 |   144 ||   182
Invok: Berserk           |       |     2 |     3 |     7 |     2 ||    14
  Use: Scroll            |     3 |     2 |     1 |     2 |     1 ||     9
       Potion            |       |     3 |     1 |       |     2 ||     6
  Eat: Chunk             |       |    11 |     8 |    18 |     2 ||    39
       Ration            |       |       |     1 |     3 |     2 ||     6
Armor: Ring mail         |    19 |    50 |     7 |       |       ||    76
       Leather armour    |       |       |    47 |   117 |    18 ||   182
Dodge: Dodged            |    46 |    92 |   106 |   210 |    39 ||   493
       Rpst.: Scimitar   |       |       |       |    41 |       ||    41
       Long sword        |       |       |       |     5 |     9 ||    14

Table legend:
 A = Non-vault XP
 B = Vault XP
 C = Vault XP percentage of total XP
 D = Non-vault monster count
 E = Vault monster count
 F = Vault count percentage of total count
                 A         B        C        D         E       F
            +---------+---------+-------+---------+---------+-------
      Total |   37171 |   13918 |  27.2 |     359 |      55 |  13.3
            +---------+---------+-------+---------+---------+-------
        D:1 |      53 |       0 |   0.0 |      26 |       0 |   0.0
        D:2 |      70 |       0 |   0.0 |      21 |       0 |   0.0
        D:3 |     128 |       0 |   0.0 |      19 |       0 |   0.0
        D:4 |     318 |      39 |  10.9 |      22 |      11 |  33.3
        D:5 |     378 |       0 |   0.0 |      18 |       0 |   0.0
        D:6 |     967 |       0 |   0.0 |      19 |       0 |   0.0
        D:7 |     863 |       0 |   0.0 |      27 |       0 |   0.0
        D:8 |    1453 |    3196 |  68.7 |      29 |      15 |  34.1
        D:9 |    1933 |       0 |   0.0 |      22 |       0 |   0.0
       D:10 |    3275 |    2608 |  44.3 |      23 |      16 |  41.0
       D:11 |    3383 |       0 |   0.0 |      22 |       0 |   0.0
       D:12 |    5175 |       0 |   0.0 |      38 |       0 |   0.0
       D:13 |    6052 |    2358 |  28.0 |      34 |       4 |  10.5
       D:14 |   10657 |    2317 |  17.9 |      31 |       7 |  18.4
       D:15 |    2288 |    3400 |  59.8 |       7 |       2 |  22.2
    Abyss:2 |     178 |       0 |   0.0 |       1 |       0 |   0.0
            +---------+---------+-------+---------+---------+-------
